 Dungeon Crawl Stone Soup version 0.28.0 (webtiles) character file.

Game seed: 17192202688026823638

1512614 kcfos the Octopoid Blade (level 26, 165/195 HPs)
             Began as an Octopode Transmuter on Feb 4, 2022.
             Was an Initiate of Yredelemnul.
             Escaped with the Orb
             ... and 3 runes on Feb 6, 2022!
             The game lasted 07:55:25 (80358 turns).

kcfos the Octopoid Blade (Octopode Transmuter)     Turns: 80358, Time: 07:55:26

Health: 165/195    AC: 12    Str: 29      XL:     26   Next: 36%
Magic:  39/39      EV: 17    Int: 17      God:    Yredelemnul [......]
Gold:   4072       SH:  0    Dex: 14 (15) Spells: 3/49 levels left

rFire   + + +      SeeInvis +   x - +7 triple sword of Fixation {vamp, rN+ Will+ Stlth-}
rCold   + + .      Faith    .   (shield currently unavailable)
rNeg    + . .      Spirit   .   B - +3 crown of Dyrovepreva {rElec Int+2 SInv}
rPois   .          Reflect  .   J - dreamshard necklace {*Dream Drain}
rElec   +          Harm     .   q - ring of wizardry
rCorr   +          Rampage  .   o - +4 ring of protection
Will    ++...      Rnd*Tele +   p - +4 ring of protection
Stlth   ++........              G - ring of protection from fire
HPRegen 0.42/turn               Q - +6 ring of strength
MPRegen 0.26/turn               W - ring of resist corrosion
                                I - ring of Koxoxur {*Corrode rF+ rC++ Str+9 Int-5}
                                y - ring of protection from fire

@: studying 3 skills
A: almost no armour, amphibious, 8 rings, camouflage 1, gelatinous body 1,
(nimble swimmer 1), tentacles, deterioration 2, teleportitis 1, no potion heal 1
0: Orb of Zot
}: 3/15 runes: decaying, serpentine, silver
a: Renounce Religion, Recall Undead Harvest


You escaped.
You worshipped Yredelemnul.
Yredelemnul was most pleased with you.
You visited 8 branches of the dungeon, and saw 45 of its levels.
You also visited: Gauntlet and Ice Cave.

You collected 5990 gold pieces.
You spent 1918 gold pieces at shops.

Inventory:

Hand Weapons
 x - the +7 triple sword of Fixation (weapon) {vamp, rN+ Will+ Stlth-}
   (You took it off a minotaur in a Gauntlet)

   It occasionally heals its wielder for a portion of the damage dealt when it
   wounds a living foe.
   rN:        It protects you from negative energy.
   Will:      It increases your willpower.
   Stlth:     It makes you less stealthy.
Armour
 B - the +3 crown of Dyrovepreva (worn) {rElec Int+2 SInv}
   (You found it on level 2 of the Depths)

   Int:       It affects your intelligence (+2).
   rElec:     It insulates you from electricity.
   SInv:      It lets you see invisible.
Jewellery
 h - a ring of protection from cold
 i - the amulet of the Four Winds {rN+ Will+++ Clar}
   (You bought it in a shop on level 2 of the Orcish Mines)

   [amulet of nothing]

   rN:        It protects you from negative energy.
   Clar:      It protects you against confusion.
   Will:      It greatly increases your willpower.
 o - a +4 ring of protection (right tentacle)
 p - a +4 ring of protection (on tentacle)
 q - a ring of wizardry (left tentacle)
 w - a ring of willpower
 y - a ring of protection from fire (on tentacle)
 G - a ring of protection from fire (on tentacle)
 I - the ring of Koxoxur (on tentacle) {*Corrode rF+ rC++ Str+9 Int-5}
   (You took it off a spriggan on level 2 of the Depths)

   [ring of protection from fire]

   Str:       It affects your strength (+9).
   Int:       It affects your intelligence (-5).
   rF:        It protects you from fire.
   rC:        It greatly protects you from cold.
   *Corrode:  It may corrode you when you take damage.
 J - the dreamshard necklace (around mantle) {*Dream Drain}
   (You found it in a Gauntlet)

   [amulet of nothing]

   It shatters if its wearer takes lethal or near-lethal damage, preventing the
   blow and releasing protective dreams that heal and fight for the wearer.
   Drain:     It drains your maximum health when unequipped.
 N - a +4 ring of evasion
 P - a +4 ring of evasion
 Q - a +6 ring of strength (on tentacle)
 S - the ring "Liofes" {+Blink rElec rF- rN+ rCorr}
   (You found it on level 4 of the Lair of Beasts)

   [ring of positive energy]

   rF:        It makes you vulnerable to fire.
   rElec:     It insulates you from electricity.
   rN:        It protects you from negative energy.
   +Blink:    It lets you blink.
   rCorr:     It protects you from acid and corrosion.
 W - a ring of resist corrosion (on tentacle)
Wands
 c - a wand of iceblast (36)
 C - a wand of charming (27) (quivered)
 E - a wand of mindburst (11)
 K - a wand of paralysis (12)
 R - a wand of digging (3)
 Z - a wand of acid (18)
Scrolls
 a - 3 scrolls of torment
 d - 4 scrolls of blinking
 e - 19 scrolls of teleportation
 g - 7 scrolls of magic mapping
 j - 13 scrolls of fear
 t - 7 scrolls of enchant weapon
 u - 9 scrolls of vulnerability
 A - a scroll of summoning
 F - 10 scrolls of enchant armour
 L - 30 scrolls of identify
 M - 6 scrolls of fog
 U - 7 scrolls of amnesia
 X - 2 scrolls of silence
Potions
 b - 10 potions of curing
 k - 5 potions of brilliance
 l - 3 potions of haste
 m - 6 potions of attraction
 n - 4 potions of cancellation
 r - 4 potions of might
 s - 6 potions of flight
 v - 5 potions of ambrosia
 z - 5 potions of berserk rage
 D - 2 potions of magic
 H - 4 potions of resistance
 T - 6 potions of heal wounds
 Y - 2 potions of invisibility
Miscellaneous
 f - a phial of floods
 V - a phantom mirror


   Skills:
 + Level 19.6 Fighting
 - Level 22.0 Long Blades
 - Level 8.7 Dodging
 - Level 16.8 Stealth
 - Level 12.5 Unarmed Combat
 - Level 12.0 Spellcasting
 - Level 7.0 Conjurations
 - Level 12.0 Transmutations
 - Level 13.0 Ice Magic
 - Level 6.9 Air Magic
 - Level 10.5 Earth Magic
 - Level 11.7 Poison Magic
 + Level 19.8 Invocations


You had 3 spell levels left.
You knew the following spells:

 Your Spells              Type           Power      Damage    Failure   Level
a - Eringya's Noxious Bo  Tmut/Pois      25%        N/A       3%          6
b - Wereblood             Tmut           50%        N/A       1%          2
c - Statue Form           Tmut/Erth      32%        N/A       4%          6
d - Poisonous Vapours     Pois/Air       84%        N/A       1%          2
e - Ice Form              Ice/Tmut       51%        N/A       1%          4
f - Frozen Ramparts       Ice            100%       1d12      1%          3
g - Alistair's Intoxicat  Tmut/Pois      33%        N/A       1%          5
h - Freezing Cloud        Conj/Ice/Air   20%        6-21      1%          5
i - Ozocubu's Armour      Ice            53%        N/A       1%          3
j - Ozocubu's Refrigerat  Ice            26%        4d10      12%         7
k - Passwall              Tmut/Erth      40%        N/A       1%          2
l - Animate Skeleton      Necr           20%        N/A       2%          1

Your spell library contained the following spells:

 Spells                   Type           Power      Damage    Failure   Level
 Beastly Appendage        Tmut           100%       N/A       1%          1
 Magic Dart               Conj           100%       1d8       1%          1
 Shock                    Conj/Air       100%       1d9       1%          1
 Corpse Rot               Necr/Air       44%        N/A       1%          2
 Ensorcelled Hibernation  Hex/Ice        64%        N/A       1%          2
 Searing Ray              Conj           68%        2d6       1%          2
 Static Discharge         Conj/Air       34%        N/A       1%          2
 Conjure Flame            Conj/Fire      22%        6-21      1%          3
 Mephitic Cloud           Conj/Pois/Air  39%        N/A       1%          3
 Spider Form              Tmut/Pois      50%        N/A       1%          3
 Swiftness                Air            33%        N/A       1%          3
 Apportation              Tloc           20%        N/A       2%          1
 Pain                     Necr           40%        1d6       2%          1
 Slow                     Hex            40%        N/A       2%          1
 Scorch                   Fire           20%        2d6       4%          2
 Sublimation of Blood     Necr           10%        N/A       4%          2
 Confusing Touch          Hex            10%        N/A       9%          3
 Gell's Gravitas          Tloc           10%        N/A       9%          3
 Lesser Beckoning         Tloc           10%        N/A       9%          3
 Teleport Other           Tloc           10%        N/A       9%          3
 Tukima's Dance           Hex            10%        N/A       9%          3
 Vampiric Draining        Necr           10%        2d6       9%          3
 Summon Ice Beast         Ice/Summ       32%        N/A       1%          4
 Blade Hands              Tmut           25%        N/A       1%          5
 Lee's Rapid Deconstruct  Erth           23%        3d14*     1%          5
 Lightning Bolt           Conj/Air       17%        1d31      4%          5
 Metabolic Englaciation   Hex/Ice        16%        N/A       5%          5
 Flame Wave               Conj/Fire      22%        2d7       6%          4
 Fulminant Prism          Conj/Hex       11%        3d9       6%          4
 Iskenderun's Mystic Bla  Conj/Tloc      22%        2d6       6%          4
 Yara's Violent Unravell  Hex/Tmut       15%        3d8       6%          5
 Borgnjor's Vile Clutch   Necr/Erth      14%        N/A       9%          5
 Iron Shot                Conj/Erth      20%        9d5       12%         6
 Fireball                 Conj/Fire      11%        3d7       17%         5
 Anguish                  Hex/Necr       5%         N/A       26%         4
 Animate Dead             Necr           5%         N/A       26%         4
 Dispel Undead            Necr           10%        3d9       26%         4
 Simulacrum               Ice/Necr       16%        N/A       28%         6
 Agony                    Necr           10%        N/A       56%         5
 Excruciating Wounds      Necr           5%         N/A       56%         5
 Summon Forest            Summ/Tloc      5%         N/A       56%         5
 Starburst                Conj/Fire      11%        6d5       65%         6
 Dispersal                Tloc           5%         N/A       98%         6
 Summon Cactus Giant      Summ           5%         N/A       98%         6
 Spellforged Servitor     Conj/Summ      11%        N/A       99%         7
 Enfeeble                 Hex            5%         N/A       100%        7
 Haunt                    Necr/Summ      5%         N/A       100%        7
 Malign Gateway           Summ/Tloc      5%         N/A       100%        7
 Summon Hydra             Summ           5%         N/A       100%        7
 Disjunction              Tloc           5%         N/A       100%        8
 Ignition                 Fire           5%         3d4       100%        8
 Infestation              Necr           5%         N/A       100%        8
 Maxwell's Capacitive Co  Air            16%        ∞         100%        8
 Necromutation            Tmut/Necr      15%        N/A       100%        8
 Summon Horrible Things   Summ           5%         N/A       100%        8
 Death's Door             Necr           5%         N/A       100%        9
 Polar Vortex             Ice            26%        N/A       100%        9
 Animate Armour           Summ/Erth      Unusable   N/A       N/A         4
 Death Channel            Necr           Unusable   N/A       N/A         6

Dungeon Overview and Level Annotations

Branches:
Dungeon (15/15)            Temple (0/1) D:6            Lair (6/6) D:8
  Swamp (4/4) Lair:4        Snake (4/4) Lair:2        Slime (0/5) Lair:6
    Orc (2/2) D:9             Elf (0/3) Orc:2        Vaults (5/5) D:14
  Crypt (0/3) Vaults:3     Depths (4/4) D:15            Zot (5/5) Depths:4
  IceCv (visited)         Gauntlet (visited)

Altars:
Ashenzari
Dithmenos
Elyvilon
Nemelex Xobeh
Okawaru
Sif Muna
Trog
Xom
Yredelemnul
Zin
The Shining One
Beogh

Shops:
D:15 *   Orc:1 ?   Orc:2 (=[*   Snake:2 [(?:   Vaults:2 [(*(   Vaults:3 (
Vaults:4 ?   Depths:4 =

Portals:
Hell: Depths:1 Depths:2 Depths:3 Depths:4
Abyss: Lair:5 Depths:3
Pandemonium: Depths:2 Depths:4
Ziggurat: Depths:1

Annotations:
D:12 Rupert
Vaults:3 2 runed translucent doors
Depths:2 the Enchantress
Zot:1 exclusions: orb of fire, storm dragon and 1 more exclusion
Zot:4 36 runed doors, exclusion: 3 oklob plants


Innate Abilities, Weirdness & Mutations

You cannot wear most types of armour.
You are amphibious.
You can wear up to eight rings at the same time.
Your skin changes colour to match your surroundings (Stealth+).
Your rubbery body absorbs attacks. (AC +1, EV +1)
((You are camouflaged when in or above water. (Stealth+)))
You have tentacles for arms and can constrict up to eight enemies at once.
Your body often deteriorates upon taking damage.
You are occasionally teleported next to monsters.
Potions are less effective at restoring your health.


Message History

Press: ? - help, Shift-Dir - straight line This square is covered in magical glow.
The rock shatters into small pieces.
Okay, then.
Aiming: Dig
Press: ? - help, Shift-Dir - straight line, f - you Please select a direction to dig.
This square is covered in magical glow.
The rock shatters into small pieces.
There is a stone staircase leading up here.
You start resting.
Your extra speed is starting to run out.
You start resting.
You feel yourself slow down.
You start resting. 3 hell hogs come into view.
You climb upwards.
There is a stone staircase leading down here.
Okay, then.
Aiming: Dig
Press: ? - help, Shift-Dir - straight line A rock wall.
This square is covered in magical glow.
The rock shatters into small pieces.
Unknown command.
Unknown command.
Aiming: Dig
Press: ? - help, Shift-Dir - straight line, f - you Please select a direction to dig.
This square is covered in magical glow.
Okay, then.
Aiming: Dig
Press: ? - help, Shift-Dir - straight line A rock wall.
This square is covered in magical glow.
The rock shatters into small pieces.
There is a staircase leading out of the dungeon here.
Okay, then.
Unknown command.
You have escaped!

..............##.# ###.##...#
#######..#######.## ###........#
.## #....####...####.......##..
#.######.....#..≈..#.....########
##.#.(.#8..≈....≈....≈..8# ##
###....##...≈..≈≈≈..≈...## #.
####...#.....≈≈≈≈≈≈≈.....#######.
...........≈≈≈≈...≈≈≈≈...........
####.....≈≈≈≈≈..@..≈≈≈≈≈..######.
# #.......≈≈≈≈...≈≈≈≈....# #. #
#...#.....≈≈≈≈≈≈≈.....## #. #
#...##...≈..≈≈≈..≈...## ## #
#...#8..≈....≈....≈..8#
#...#.....#..≈..#.....##
###.....####...####....#
#...#######.## ###..#
#...........# ####


There were no monsters in sight!

Vanquished Creatures
  A dread lich (Zot:5)
  An orb of fire (Zot:5)
  An ancient lich (Vaults:5)
  Boris (twice) (Depths:3 Depths:4)
  Saint Roka (Vaults:2)
  Frederick (Depths:3)
  2 Killer Klowns (Zot:5)
  10 golden dragons
  2 curse toes
  An electric golem (Zot:1)
  13 tentacled monstrosities
  The ghost of Moagi the Champion of Chaos, an adept GnSk of Makhleb (Vaults:3)
  8 Orb Guardians (Zot:5)
  6 quicksilver dragons
  3 liches
  A titan (Vaults:5)
  9 death cobs
  A tengu reaver (Vaults:5)
  4 sphinxes
  8 storm dragons
  7 shadow dragons
  2 nagarajas
  A draconian knight (Zot:3)
  2 iron dragons (Vaults:5)
  10 draconian scorchers
  2 emperor scorpions (Depths:2)
  5 draconian monks
  A draconian shifter (Zot:5)
  2 frost giants (Vaults:5)
  5 fire giants
  2 orc warlords
  3 ghost moths
  9 vault wardens
  A reaper (Depths:1)
  A curse skull (Vaults:3)
  17 ironbound preservers
  3 draconian stormcallers
  6 draconian annihilators
  3 war gargoyles (Vaults:5)
  3 spriggan defenders (Depths:2)
  Nessos (D:12)
  9 stone giants
  4 caustic shrike skeletons (Depths:2)
  14 very ugly things
  8 black draconians
  A deep elf demonologist (Vaults:1)
  7 green draconians
  2 eleionomae
  2 ironbound thunderhulks (Vaults:1)
  5 red draconians
  A minotaur (Gauntlet)
  5 bunyips
  3 entropy weavers (D:10)
  A dire elephant (shapeshifter) (Vaults:5)
  A deep elf annihilator (Vaults:5)
  5 white draconians
  A lorocyproca (Zot:5)
  7 purple draconians
  A dire elephant (Depths:2)
  2 deep elf death magi (Vaults:5)
  11 yellow draconians
  2 very ugly thing zombies (Depths:4)
  Snorg (D:11)
  An ettin (Depths:4)
  A jiangshi (Vaults:3)
  The ghost of Jeban the Spear-Bearer, a journeyman OpFi of Gozag (Lair:5)
  11 yaktaur captains
  3 fire dragons
  A crystal guardian (Vaults:4)
  4 salamander tyrants (Snake:4)
  18 hydras
  2 deep elf high priests
  3 ogre magi
  25 vault guards
  14 naga warriors
  A rakshasa (Depths:2)
  5 ghost crabs
  A peacekeeper (Vaults:1)
  3 boulder beetles
  3 great orbs of eyes
  A death knight (Vaults:3)
  A catoblepas (D:13)
  8 centaur warriors
  5 spriggan air magi
  9 anacondas
  A hell beast (Depths:4)
  7 ironbound frosthearts
  An anaconda (shapeshifter) (Vaults:5)
  21 death yaks
  6 alligators
  A hell hog (Depths:1)
  2 tengu warriors (Depths:2)
  5 deep troll earth magi
  4 shock serpents (Snake:3)
  13 two-headed ogres
  9 naga sharpshooters
  2 thrashing horrors (Gauntlet)
  3 soul eaters
  2 orc high priests (Orc:2)
  A shadow wraith (Vaults:5)
  3 sun demons
  A titan skeleton (Depths:3)
  4 skeletal warriors
  4 fire crabs (D:10)
  3 iron trolls (Depths:3)
  5 spriggan berserkers
  3 deep elf knights (Depths:2)
  3 goliath frogs
  An anaconda zombie (Snake:4)
  A glowing orange brain (Vaults:2)
  2 swamp dragons (shapeshifter) (Vaults:5)
  7 spriggan druids
  5 salamander mystics
  A flayed ghost (Depths:3)
  A sea snake (Snake:3)
  An ogre zombie (Vaults:4)
  4 naga ritualists (Snake:4)
  39 deep trolls
  An obsidian statue (Depths:4)
  4 spriggan riders
  5 wizards
  4 harpies (Vaults:1)
  6 swamp dragons
  4 phantasmal warriors
  4 bog bodies
  9 ironbound convokers
  4 lindwurms (Vaults:1)
  2 deep elf pyromancers (D:13)
  A deep elf archer (Depths:2)
  4 orc knights
  2 orc sorcerers (Orc:2)
  55 ugly things
  4 mana vipers
  An ugly thing zombie (Depths:4)
  2 necromancers
  4 manticores
  A shining eye (shapeshifter) (Vaults:1)
  5 cyclopes
  Maurice (D:11)
  A manticore (shapeshifter) (Vaults:5)
  11 salamanders
  A will-o-the-wisp (Swamp:1)
  21 moths of wrath
  An apocalypse crab (D:10)
  An ice statue (IceCv)
  2 elephants (Lair:4)
  2 guardian serpents
  A spectral shock serpent (Snake:1)
  Joseph (D:10)
  2 rust devils
  A guardian serpent (shapeshifter) (D:14)
  16 vault sentinels
  30 black mambas
  A large abomination (Lair:5)
  3 spriggan zombies (Depths:2)
  17 naga magi
  9 cane toads
  2 smoke demons (Depths:1)
  An unseen horror (shapeshifter) (D:14)
  A gargoyle (D:13)
  An unseen horror (D:11)
  2 hellions (Zot:3)
  An orange demon (Depths:4)
  An iron troll zombie (Depths:3)
  3 komodo dragons
  An efreet (D:14)
  An ice devil (Depths:4)
  5 tengu conjurers
  A freezing wraith (Vaults:5)
  A hydra zombie (Swamp:4)
  7 rime drakes
  A yaktaur (shapeshifter) (D:14)
  10 yaktaurs
  2 red devils (Depths:4)
  5 trolls
  A meliai (shapeshifter) (Vaults:5)
  A tengu simulacrum (Depths:3)
  6 polar bears
  2 meliai (D:11)
  A tyrant leech (Swamp:3)
  11 hornets
  A spectral guardian serpent (Snake:1)
  6 blink frogs
  A dream sheep (shapeshifter) (D:14)
  A polar bear (shapeshifter) (D:13)
  10 slime creatures
  A human zombie (Vaults:1)
  33 spriggans
  A vampire (D:9)
  A shadow (D:9)
  3 water elementals
  A shock serpent simulacrum (Snake:1)
  13 wyverns
  An elf zombie (Depths:2)
  2 hogs (Lair:4)
  A salamander simulacrum (Snake:1)
  4 wraiths
  A spectral orange demon (Depths:4)
  A neqoxec (D:12)
  26 yaks
  3 basilisks
  A hog (shapeshifter) (D:12)
  3 steam dragons
  12 vampire mosquitoes
  9 swamp worms
  A chaos spawn (Depths:4)
  A warg (Orc:2)
  28 nagas
  A floating eye (shapeshifter) (Vaults:5)
  37 water moccasins
  21 orc warriors
  4 small abominations (Gauntlet)
  6 black bears (Lair:1)
  3 naga zombies
  2 hornet zombies
  5 swamp drakes (Swamp:4)
  5 ice beasts
  A black mamba simulacrum (Snake:1)
  7 ogres
  12 wolves
  5 centaurs
  2 kobold brigands
  8 bullfrogs
  A gnoll sergeant (D:9)
  A glowing shapeshifter simulacrum (Depths:3)
  A water moccasin zombie (D:5)
  13 killer bees
  A warg zombie (Orc:2)
  A troll zombie (D:11)
  3 naga simulacra (Snake:1)
  4 wights (D:9)
  5 electric eels
  4 howler monkeys
  3 centaur zombies
  2 centaur skeletons
  4 hounds
  13 orc priests
  A bullfrog skeleton (D:5)
  2 gnoll shamans
  3 iron imps (Gauntlet)
  4 iguanas
  12 orc wizards
  A hound skeleton (D:5)
  2 howler monkey zombies
  Robin (D:2)
  9 gnolls
  A howler monkey skeleton (D:10)
  20 adders
  A white imp (D:7)
  An orc zombie (Orc:2)
  2 dart slugs (D:1)
  74 orcs
  10 ball pythons
  7 bats
  4 endoplasms
  7 giant cockroaches
  13 goblins
  8 hobgoblins
  16 jackals
  2 quokkas
  4 frilled lizards
  14 kobolds
  4 rats
  A creeping inferno (Zot:3)
1419 creatures vanquished.

Vanquished Creatures (collateral kills)
  An ancient lich (Vaults:5)
  9 Killer Klowns (Zot:5)
  2 golden dragons
  Nikola (Swamp:1)
  An electric golem (Zot:5)
  4 tentacled monstrosities
  14 Orb Guardians (Zot:5)
  A lich (Depths:4)
  The ghost of badtown22 the Geomancer, an adept OgEE of Kikubaaqudgha (Swamp:1)
  2 quicksilver dragons
  Asterion (Vaults:3)
  2 titans (Vaults:5)
  2 sphinxes
  A thorn hunter (Swamp:4)
  The ghost of packet the Wrestler, an adept MiFi of Jiyva (Snake:1)
  3 tengu reavers (Vaults:5)
  Kirke (Lair:4)
  Donald (Vaults:2)
  A daeva (Depths:3)
  2 fenstrider witches (Swamp:4)
  2 nagarajas (Snake:4)
  4 storm dragons
  An iron dragon (Depths:4)
  3 fire giants
  A draconian scorcher (Zot:4)
  3 frost giants
  10 vault wardens
  A draconian knight (Zot:4)
  7 draconian shifters
  Louise (Snake:2)
  A reaper (Depths:1)
  2 draconian annihilators
  A stone giant (Depths:4)
  7 very ugly things
  2 spriggan defenders
  2 caustic shrike skeletons (Depths:2)
  5 ironbound preservers
  2 ironbound thunderhulks (Vaults:4)
  3 black draconians
  A vampire knight (Depths:4)
  4 purple draconians
  4 green draconians
  A yellow draconian (Zot:2)
  A dire elephant (Vaults:1)
  2 eleionomae (Swamp:2)
  3 white draconians
  5 red draconians
  An entropy weaver (D:10)
  5 bunyips
  A deep elf death mage (Vaults:5)
  A fire dragon (Depths:4)
  2 shambling mangroves (Swamp:4)
  A great orb of eyes (Depths:4)
  A blizzard demon (Depths:4)
  6 yaktaur captains
  5 vault guards
  3 ice dragons (Depths:4)
  2 hell beasts (Depths:1)
  5 ironbound frosthearts
  A boulder beetle (D:12)
  2 peacekeepers (Vaults:4)
  A catoblepas (D:10)
  18 hydras
  7 naga warriors
  A ghost crab (Swamp:4)
  4 anacondas
  A two-headed ogre (Vaults:5)
  3 centaur warriors
  5 alligators
  2 deep troll earth magi (Vaults:5)
  The ghost of pigah the Zephyrmancer, a journeyman OpAE of Ashenzari (D:10)
  3 death yaks
  2 hell hogs (Depths:1)
  2 soul eaters
  3 naga sharpshooters
  2 shock serpents
  2 tengu warriors (Depths:1)
  4 spriggan berserkers
  A sixfirhy (Depths:3)
  2 goliath frogs (Swamp:4)
  2 skeletal warriors (D:15)
  2 spriggan druids
  15 deep trolls
  A quicksilver dragon simulacrum (Depths:3)
  A bog body (Swamp:1)
  3 naga ritualists
  8 swamp dragons (Swamp:4)
  A harpy (Vaults:1)
  3 phantasmal warriors
  6 ironbound convokers
  2 orc knights
  A deep elf pyromancer (D:13)
  2 lindwurms
  2 manticores
  An orc sorcerer (Orc:2)
  2 wizards
  A mana viper (shapeshifter) (D:15)
  2 mana vipers (Snake:3)
  A wolf spider (Lair:6)
  2 salamanders (Snake:1)
  A salamander (shapeshifter) (Vaults:5)
  A spectral centaur (D:10)
  9 moths of wrath
  3 guardian serpents
  A will-o-the-wisp (Swamp:3)
  14 black mambas
  A spectral shock serpent (Snake:1)
  8 ugly things
  A fire giant skeleton (Depths:3)
  8 vault sentinels
  7 naga magi
  A smoke demon (Depths:1)
  3 rime drakes (IceCv)
  7 cane toads
  9 yaktaurs
  4 ice devils
  A tengu conjurer (Depths:2)
  2 komodo dragons
  A troll (Orc:2)
  4 tyrant leeches
  A bloated husk (Swamp:1)
  2 meliai
  8 polar bears
  13 hornets
  4 slime creatures
  A spriggan zombie (Depths:4)
  A tarantella (shapeshifter) (Lair:5)
  2 blink frogs
  A spectral black mamba (Snake:1)
  12 spriggans
  A centaur simulacrum (D:13)
  A shadow (D:13)
  2 wyverns (Lair:6)
  2 ynoxinuls
  A hog (Lair:4)
  10 yaks
  5 basilisks
  A chaos spawn (Zot:1)
  A vampire mosquito (Swamp:4)
  6 swamp worms
  3 redbacks (Lair:6)
  A warg (Vaults:5)
  13 nagas
  10 water moccasins
  2 swamp drakes (Swamp:4)
  An ice beast (D:5)
  6 orc warriors
  A sky beast (D:5)
  A black bear (Lair:1)
  An ogre (D:6)
  5 wolves
  7 centaurs
  A bullfrog (Lair:1)
  12 killer bees
  A howler monkey (D:10)
  An electric eel (Lair:1)
  A bullfrog zombie (D:7)
  A hound (D:5)
  A jelly (D:8)
  4 orc priests
  An iron imp (Gauntlet)
  An iguana (D:5)
  2 orc wizards
  An adder (Lair:3)
  2 gnolls
  2 shadow imps
  12 orcs
  A goblin (D:6)
  A hobgoblin (D:6)
  4 kobolds
  A bush (Depths:2)
  A butterfly (Swamp:2)
551 creatures vanquished.

Vanquished Creatures (others)
  6 spectral tentacled monstrosities
  4 Killer Klown zombies (Zot:5)
  A red draconian (Zot:1)
  A spectral spriggan (Vaults:5)
  A spectral shadow dragon (Zot:5)
  A white draconian (Zot:4)
  2 spectral guardian serpents
  5 very ugly thing zombies (Depths:4)
  A quicksilver dragon zombie (Zot:1)
  A vault guard (Vaults:5)
  A spriggan air mage (Depths:2)
  6 spectral Orb Guardians
  A fenstrider witch zombie (Swamp:4)
  A demigod zombie (Depths:3)
  A spectral ettin (Depths:1)
  A titan zombie (Vaults:5)
  4 storm dragon zombies
  A ghost moth zombie (Zot:4)
  A golden dragon zombie (Zot:1)
  2 anaconda zombies
  3 wizards
  A sphinx zombie (Vaults:4)
  A goliath frog zombie (Swamp:4)
  2 frost giant zombies
  A spectral great orb of eyes (Depths:4)
  An iron dragon zombie (Vaults:5)
  2 stone giant zombies
  4 shadow dragon zombies
  16 ugly thing zombies
  3 fire giant zombies
  7 draconian zombies
  A shock serpent zombie (Snake:3)
  2 spectral soul eaters (Depths:4)
  3 purple draconian zombies
  A spectral sun demon (Depths:4)
  3 white draconian zombies (Zot:4)
  A yellow draconian zombie (Zot:5)
  5 black draconian zombies
  2 red draconian zombies (Zot:1)
  5 death yak zombies
  A spectral human (Zot:1)
  5 swamp worm zombies
  7 moth of wrath zombies
  4 hydra zombies
  A bloated husk (Swamp:4)
  2 ice dragon zombies (Depths:4)
  An alligator zombie (Swamp:3)
  A hornet (Swamp:4)
  A polar bear (IceCv)
  2 fire dragon zombies (Depths:4)
  2 guardian serpent zombies
  A boulder beetle zombie (Vaults:1)
  A meliai zombie (D:12)
  A spectral kobold (Snake:4)
  8 black mamba zombies
  A spectral hell beast (Depths:1)
  2 elf zombies
  A spectral hellion (Zot:3)
  A swamp worm (Swamp:4)
  14 deep troll zombies
  5 two-headed ogre zombies
  4 ogre zombies
  4 tengu zombies
  A manticore zombie (D:12)
  A spectral red devil (Depths:4)
  A lindwurm zombie (Vaults:1)
  4 hornet zombies
  2 ghost crab zombies
  7 swamp dragon zombies
  3 vampire mosquito zombies
  4 rime drake zombies (IceCv)
  A spectral chaos spawn (Depths:4)
  A spectral ynoxinul (Gauntlet)
  A komodo dragon zombie (Lair:4)
  9 salamander zombies
  16 yaktaur zombies
  2 fire crab zombies (D:10)
  2 cyclops zombies
  7 water moccasin zombies
  2 wyvern zombies
  A warg zombie (Vaults:5)
  17 spriggan zombies
  8 yak zombies
  4 polar bear zombies
  5 wolf zombies
  4 centaur zombies
  A bullfrog zombie (Lair:4)
  31 human zombies
  2 basilisk zombies
  3 black bear zombies (Lair:1)
  3 killer bee zombies
  30 naga zombies
  A hound zombie (D:6)
  5 howler monkey zombies
  4 swamp drake zombies (Swamp:4)
  2 iguana zombies (D:5)
  2 spectral iron imps (Gauntlet)
  3 adder zombies
  A ball python zombie (D:4)
  3 gnoll zombies
  A hobgoblin zombie (D:6)
  5 kobold zombies
  63 orc zombies
  17 bushes (Zot:4)
  113 fungi
  164 plants
  2 withered plants (Swamp:1)
735 creatures vanquished.

Grand Total: 2705 creatures vanquished

Notes
Turn   | Place    | Note
-------+----------+-------------------------------------------
     0 | D:1      | kcfos the Octopode Transmuter began the quest for the Orb.
     0 | D:1      | Reached XP level 1. HP: 13/13 MP: 3/3
   610 | D:1      | Reached XP level 2. HP: 7/19 MP: 5/5
   934 | D:1      | Learned a level 2 spell: Wereblood
  1201 | D:1      | Reached XP level 3. HP: 25/25 MP: 6/6
  1611 | D:1      | Found a faded altar of an unknown god.
  1960 | D:2      | Reached XP level 4. HP: 33/33 MP: 5/7
  2081 | D:2      | Noticed Robin
  2556 | D:2      | Reached skill level 1 in Stealth
  2751 | D:2      | Killed Robin
  2920 | D:2      | Learned a level 3 spell: Spider Form
  2940 | D:2      | Reached XP level 5. HP: 37/37 MP: 8/8
  3512 | D:3      | Learned a level 2 spell: Poisonous Vapours
  3547 | D:2      | Reached skill level 1 in Poison Magic
  3959 | D:3      | Found a bloodstained altar of Trog.
  4588 | D:4      | Noticed an ogre
  4669 | D:4      | Found a basalt altar of Yredelemnul.
  4760 | D:4      | Found a broken altar of Ashenzari.
  4774 | D:4      | Noticed a centaur
  4811 | D:4      | Found a glowing silver altar of Zin.
  5274 | D:4      | Reached XP level 6. HP: 40/44 MP: 7/9
  5373 | D:4      | Became a worshipper of Yredelemnul the Dark
  5474 | D:4      | Reached skill level 5 in Fighting
  5910 | D:4      | Reached XP level 7. HP: 45/50 MP: 8/10
  6132 | D:4      | Found a shadowy altar of Dithmenos.
  6168 | D:4      | Reached skill level 5 in Stealth
  6536 | D:5      | Entered Level 5 of the Dungeon
  6631 | D:5      | Learned a level 4 spell: Ice Form
  6650 | D:5      | Reached * piety under Yredelemnul
  6688 | D:5      | Reached skill level 1 in Ice Magic
  6756 | D:5      | Reached ** piety under Yredelemnul
  6756 | D:5      | Reached XP level 8. HP: 55/55 MP: 7/13
  7529 | D:6      | Found a staircase to the Ecumenical Temple.
  7710 | D:6      | Found an iron altar of Okawaru.
  7799 | D:6      | Reached XP level 9. HP: 61/61 MP: 11/14
  8115 | D:6      | Found a shimmering blue altar of Sif Muna.
  8888 | D:7      | Reached skill level 5 in Ice Magic
  9017 | D:7      | Reached skill level 5 in Transmutations
  9275 | D:7      | Found a sparkling altar of Nemelex Xobeh.
 10150 | D:8      | Found a staircase to the Lair.
 10749 | D:8      | Reached skill level 5 in Unarmed Combat
 10749 | D:8      | Reached XP level 10. HP: 66/66 MP: 15/15
 10914 | D:8      | Reached *** piety under Yredelemnul
 11269 | D:9      | Noticed a two-headed ogre
 11629 | D:9      | Found a staircase to the Orcish Mines.
 12173 | D:9      | Found a shimmering altar of Xom.
 12685 | D:9      | Reached XP level 11. HP: 69/71 MP: 5/16
 12791 | D:9      | Learned a level 3 spell: Frozen Ramparts
 12917 | D:9      | Reached skill level 1 in Invocations
 13630 | D:9      | Killed a two-headed ogre
 13780 | Lair:1   | Entered Level 1 of the Lair of Beasts
 14141 | Lair:1   | Reached **** piety under Yredelemnul
 14152 | Lair:1   | Reached skill level 5 in Invocations
 14180 | Lair:1   | Found a frozen archway.
 14238 | IceCv    | Entered an ice cave
 14316 | IceCv    | Noticed a death yak
 14328 | IceCv    | Killed a death yak
 14503 | IceCv    | Noticed a death yak
 14514 | IceCv    | Killed a death yak
 14515 | IceCv    | Reached skill level 5 in Dodging
 14515 | IceCv    | Reached XP level 12. HP: 77/77 MP: 8/17
 14519 | IceCv    | Noticed a death yak
 14523 | IceCv    | Noticed a death yak
 14536 | IceCv    | Killed a death yak
 14573 | IceCv    | Killed a death yak
 15087 | IceCv    | Noticed a frost giant
 15091 | IceCv    | Noticed a death yak
 15182 | IceCv    | Killed a death yak
 15358 | IceCv    | Noticed a death yak
 15392 | IceCv    | Killed a frost giant
 15546 | IceCv    | Noticed a death yak
 15554 | IceCv    | Killed a death yak
 15558 | IceCv    | Noticed a death yak
 15564 | IceCv    | Killed a death yak
 15572 | IceCv    | Killed a death yak
 15779 | IceCv    | Noticed a death yak
 15781 | IceCv    | Reached skill level 5 in Spellcasting
 15791 | IceCv    | Killed a death yak
 15916 | Lair:1   | Learned a level 5 spell: Alistair's Intoxication
 16472 | Lair:1   | Reached XP level 13. HP: 88/88 MP: 7/21
 16959 | Lair:2   | Found a staircase to the Snake Pit.
 16985 | Lair:2   | Reached skill level 5 in Poison Magic
 17952 | Lair:2   | Learned a level 5 spell: Freezing Cloud
 18414 | Lair:3   | Noticed Sonja
 18520 | Lair:3   | Reached skill level 1 in Air Magic
 18590 | Lair:3   | Reached skill level 1 in Conjurations
 18877 | Lair:3   | Reached ***** piety under Yredelemnul
 19335 | Lair:3   | Killed Sonja
 19335 | Lair:3   | Enslaved Sonja
 19477 | Lair:4   | Noticed Kirke
 19774 | Lair:4   | Identified the +4 falchion "Woefiegi" {drain, Dex+4}
 19777 | Lair:4   | Identified the ring "Liofes" {+Blink rElec rF- rN+ rCorr}
 19781 | Lair:4   | Found a staircase to the Swamp.
 20029 | Lair:4   | Killed Kirke
 20089 | Lair:4   | Reached skill level 10 in Invocations
 20794 | Lair:5   | Reached XP level 14. HP: 97/97 MP: 24/24
 20918 | Lair:5   | Found a transporter.
 20944 | Lair:5   | Found a one-way gate to the infinite horrors of the Abyss.
 20944 | Lair:5   | Noticed Jeban's ghost (journeyman OpFi)
 21066 | Lair:5   | Found a transporter.
 21637 | Lair:5   | Reached ****** piety under Yredelemnul
 21665 | Lair:5   | Killed Jeban's ghost
 21802 | Lair:6   | Entered Level 6 of the Lair of Beasts
 21900 | Lair:6   | Found a staircase to the Slime Pits.
 22307 | Lair:6   | Reached skill level 5 in Conjurations
 22313 | Lair:6   | Reached skill level 5 in Air Magic
 22321 | Lair:6   | Reached skill level 10 in Fighting
 23506 | Orc:1    | Entered Level 1 of the Orcish Mines
 23506 | Orc:1    | Found Hick's Magic Scroll Emporium.
 23514 | Orc:1    | Bought a scroll of amnesia for 52 gold pieces
 23514 | Orc:1    | Bought a scroll of teleportation for 45 gold pieces
 23523 | Orc:1    | Bought a scroll of identify for 30 gold pieces
 23567 | Orc:2    | Entered Level 2 of the Orcish Mines
 23584 | Orc:2    | Noticed an orc warlord
 24200 | D:10     | Entered Level 10 of the Dungeon
 24351 | D:10     | Found a runed translucent door.
 24660 | D:10     | Found a transporter.
 24660 | D:10     | Noticed pigah's ghost (journeyman OpAE)
 24712 | D:10     | Noticed Joseph
 24722 | D:10     | Killed Joseph
 24846 | D:10     | Found a transporter.
 24977 | D:10     | Identified the +0 ring mail of Xoum {Will+ rCorr Int+3
                  | Dex+2}
 25057 | D:10     | Noticed an entropy weaver
 25063 | D:10     | Reached XP level 15. HP: 67/104 MP: 23/26
 25063 | D:10     | Your ally Joseph died
 25461 | D:10     | Reached skill level 10 in Ice Magic
 26734 | D:10     | Killed pigah's ghost
 26739 | D:10     | Learned a level 3 spell: Ozocubu's Armour
 27012 | Snake:1  | Entered Level 1 of the Snake Pit
 27047 | Snake:1  | Found a runed translucent gate.
 27047 | Snake:1  | Found a runed translucent gate.
 27047 | Snake:1  | Found a runed translucent gate.
 28245 | Snake:1  | Noticed packet's ghost (adept MiFi)
 28757 | Snake:1  | Killed packet's ghost
 29317 | Snake:2  | Found Girril's Antique Armour Emporium.
 29318 | Snake:2  | Found Paviuviu's Magic Scroll Shoppe.
 29318 | Snake:2  | Found Masunk's Antique Weapon Emporium.
 29323 | Snake:2  | Found Quruakli's Book Shoppe.
 29763 | Snake:2  | Noticed Louise
 29988 | Snake:2  | Killed Louise
 30166 | Snake:2  | Reached XP level 16. HP: 110/110 MP: 18/29
 30719 | Snake:3  | Noticed a nagaraja
 30733 | Snake:3  | Killed a nagaraja
 31394 | Snake:3  | Reached skill level 10 in Spellcasting
 31455 | Snake:3  | Learned a level 7 spell: Ozocubu's Refrigeration
 31897 | Snake:3  | Found a runed translucent gate.
 31897 | Snake:3  | Found a runed translucent gate.
 31897 | Snake:3  | Found a runed translucent gate.
 32114 | Snake:4  | Entered Level 4 of the Snake Pit
 33628 | Snake:4  | Reached skill level 10 in Stealth
 33917 | Snake:4  | Your ally Sonja died
 34954 | Snake:4  | Reached XP level 17. HP: 108/117 MP: 19/31
 37618 | Snake:4  | Got a serpentine rune of Zot
 38705 | Swamp:1  | Entered Level 1 of the Swamp
 38862 | Swamp:1  | Reached skill level 10 in Unarmed Combat
 38924 | Swamp:1  | Noticed Aizul
 38944 | Swamp:1  | Killed Aizul
 38944 | Swamp:1  | Enslaved Aizul
 39443 | Swamp:1  | Found a runed translucent door.
 39444 | Swamp:1  | Noticed badtown22's ghost (adept OgEE)
 39474 | Swamp:1  | Noticed Nikola
 39842 | Swamp:1  | Killed Nikola
 39919 | Swamp:1  | Killed badtown22's ghost
 41278 | Swamp:3  | Noticed a tentacled monstrosity
 41292 | Swamp:3  | Killed a tentacled monstrosity
 41580 | Swamp:3  | Reached XP level 18. HP: 128/128 MP: 26/32
 42291 | Swamp:4  | Entered Level 4 of the Swamp
 42997 | Swamp:4  | Reached skill level 15 in Stealth
 43671 | Swamp:4  | Got a decaying rune of Zot
 43723 | Swamp:4  | Identified a scroll of acquirement
 43724 | Swamp:4  | Acquired Anwomeho's Collected Works on Shape Shifting and
                  | Air
 44140 | Orc:2    | Found Pehek's Antique Armour Shop.
 44419 | Orc:2    | Found Dintil's General Store.
 44427 | Orc:2    | Bought a scroll of fog for 30 gold pieces
 44427 | Orc:2    | Bought a scroll of blinking for 112 gold pieces
 44427 | Orc:2    | Bought a potion of curing for 45 gold pieces
 44444 | Orc:2    | Found a staircase to the Elven Halls.
 44527 | Orc:2    | Found Rollyc's Antique Weapon Emporium.
 44671 | Orc:2    | Found Vium's Jewellery Emporium.
 45044 | Orc:2    | Bought a +4 ring of protection for 504 gold pieces
 45054 | Orc:2    | Bought the amulet of the Four Winds {rN+ Will+++ Clar} for
                  | 614 gold pieces
 45054 | Orc:2    | Found the amulet of the Four Winds {rN+ Will+++ Clar}
 45667 | D:11     | You fall into a shaft and drop 2 floors!
 45743 | D:13     | Found a gate leading to a gauntlet.
 45781 | D:13     | Learned a level 6 spell: Eringya's Noxious Bog
 45978 | Gauntlet | Entered a Gauntlet
 45978 | Gauntlet | Found a transporter.
 45995 | Gauntlet | Found a transporter.
 45997 | Gauntlet | Found a transporter.
 46008 | Gauntlet | Found a transporter.
 46011 | Gauntlet | Found a transporter.
 46020 | Gauntlet | Found a transporter.
 46041 | Gauntlet | Found a transporter.
 46053 | Gauntlet | Found a transporter.
 46055 | Gauntlet | Found the dreamshard necklace {*Dream Drain}
 46063 | Gauntlet | Found a transporter.
 46082 | Gauntlet | Found a transporter.
 46096 | Gauntlet | Found a transporter.
 46096 | Gauntlet | Found a transporter.
 46144 | Gauntlet | Found a transporter.
 46158 | Gauntlet | Found a transporter.
 46430 | Gauntlet | Identified the +7 triple sword of Fixation {vamp, rN+ Will+
                  | Stlth-}
 46438 | Gauntlet | Reached XP level 19. HP: 137/137 MP: 25/33
 46954 | D:13     | Your ally Aizul died
 47449 | D:12     | Noticed Nessos
 47460 | D:12     | Killed Nessos
 48108 | D:12     | Got the Handbook of Attacks
 48602 | D:12     | Noticed Rupert
 49029 | D:11     | Noticed Maurice
 49059 | D:11     | Killed Maurice
 49535 | D:11     | Noticed Snorg
 49541 | D:11     | Killed Snorg
 50656 | D:14     | Reached skill level 10 in Transmutations
 50766 | D:14     | Found a gate to the Vaults.
 50775 | D:14     | Gained mutation: You tend to lose your temper in combat. [a
                  | shining eye]
 50788 | D:14     | Reached skill level 10 in Poison Magic
 51210 | D:15     | Entered Level 15 of the Dungeon
 51859 | D:15     | Found Ropsos's Serpentskin Sales.
 52466 | D:15     | Found a staircase to the Depths.
 52918 | Depths:1 | Entered Level 1 of the Depths
 53197 | Depths:1 | Lost mutation: You tend to lose your temper in combat.
                  | [potion of mutation]
 53197 | Depths:1 | Gained mutation: You are robust. (+10% HP) [potion of
                  | mutation]
 53197 | Depths:1 | Lost mutation: You are robust. (+10% HP) [potion of
                  | mutation]
 53197 | Depths:1 | Gained mutation: You are robust. (+10% HP) [potion of
                  | mutation]
 53276 | Depths:1 | Found a one-way gateway to a ziggurat.
 53782 | Depths:1 | Reached XP level 20. HP: 158/158 MP: 29/35
 53914 | Depths:1 | Found a gateway to Hell.
 54097 | Depths:1 | Found the +3 giant club "Skullcrusher" {speed, Str+7}
 54109 | Depths:1 | Identified the +5 demon whip of Piotoch {flame, *Noise
                  | Str+4 Int+7}
 54745 | Depths:2 | Learned a level 6 spell: Statue Form
 54816 | Depths:2 | Reached skill level 1 in Long Blades
 54816 | Depths:2 | Reached skill level 1 in Earth Magic
 54875 | Depths:2 | Identified the +5 short sword of Chance {flame, rF- Str+6}
 54924 | Depths:2 | Reached skill level 2 in Long Blades
 55051 | Depths:2 | Identified the ring of Koxoxur {*Corrode rF+ rC++ Str+9
                  | Int-5}
 55062 | Depths:2 | Identified the ring "Mosausom" {rN++ MP+9}
 55062 | Depths:2 | Noticed the Enchantress
 55075 | Depths:2 | Reached skill level 3 in Long Blades
 55079 | Depths:2 | Killed the Enchantress
 55079 | Depths:2 | Enslaved the Enchantress
 55314 | Depths:2 | Found the +3 crown of Dyrovepreva {rElec Int+2 SInv}
 55349 | Depths:2 | Got the Papyrus of Unstable Envenoming
 55911 | Depths:2 | Found a bloodstained altar of Trog.
 56058 | Depths:2 | Found a one-way gate leading to the halls of Pandemonium.
 56128 | Depths:2 | Reached skill level 4 in Long Blades
 56482 | Depths:2 | Reached skill level 5 in Long Blades
 56482 | Depths:2 | Reached skill level 5 in Earth Magic
 58031 | Depths:3 | Reached skill level 6 in Long Blades
 58379 | Depths:3 | Found a white marble altar of Elyvilon.
 58663 | Depths:3 | Found a glowing golden altar of the Shining One.
 58796 | Depths:3 | Noticed Frederick
 58806 | Depths:3 | Killed Frederick
 59134 | Depths:3 | Noticed Boris
 59140 | Depths:3 | Your ally Frederick died
 59146 | Depths:3 | Killed Boris
 59147 | Depths:3 | Reached skill level 7 in Long Blades
 59398 | Depths:4 | Entered Level 4 of the Depths
 59400 | Depths:4 | Noticed Boris
 59422 | Depths:4 | Reached XP level 21. HP: 163/163 MP: 12/37
 59740 | Depths:4 | Paralysed by a vampire knight for 6 turns
 59750 | Depths:4 | Found Katom's Jewellery Shoppe.
 59757 | Depths:4 | Bought a ring of protection from fire for 425 gold pieces
 59808 | Depths:4 | Reached skill level 8 in Long Blades
 59829 | Depths:4 | Found a gate to the Realm of Zot.
 60015 | Depths:4 | Reached skill level 9 in Long Blades
 60035 | Depths:4 | Killed Boris
 60272 | Depths:4 | Noticed a golden dragon
 60297 | Depths:4 | Killed a golden dragon
 60647 | Depths:4 | Reached skill level 10 in Long Blades
 60647 | Depths:4 | Reached skill level 10 in Earth Magic
 61349 | Vaults:1 | Entered Level 1 of the Vaults
 61559 | Vaults:1 | Reached skill level 11 in Long Blades
 61903 | Vaults:1 | Reached skill level 12 in Long Blades
 61973 | Vaults:1 | Gained mutation: You sometimes lose the ability to read
                  | scrolls when taking damage. [a cacodemon]
 61977 | Vaults:1 | Gained mutation: Your magical capacity is low. (-10% MP) [a
                  | cacodemon]
 61995 | Vaults:1 | Reached XP level 22. HP: 170/170 MP: 24/34
 62106 | Vaults:1 | Reached skill level 13 in Long Blades
 62652 | Vaults:1 | You fall into a shaft and drop 1 floor!
 62703 | Vaults:2 | Reached skill level 14 in Long Blades
 62925 | Vaults:2 | Noticed Saint Roka
 63083 | Vaults:2 | Killed Saint Roka
 63301 | Vaults:2 | Lost mutation: You sometimes lose the ability to read
                  | scrolls when taking damage. [potion of mutation]
 63301 | Vaults:2 | Lost mutation: You are robust. (+10% HP) [potion of
                  | mutation]
 63301 | Vaults:2 | Lost mutation: Your magical capacity is low. (-10% MP)
                  | [potion of mutation]
 63301 | Vaults:2 | Gained mutation: You sometimes lose the ability to read
                  | scrolls when taking damage. [potion of mutation]
 63301 | Vaults:2 | Gained mutation: Your system is resistant to poisons.
                  | (rPois) [potion of mutation]
 63302 | Vaults:2 | Lost mutation: Your system is resistant to poisons. (rPois)
                  | [potion of mutation]
 63302 | Vaults:2 | Lost mutation: You sometimes lose the ability to read
                  | scrolls when taking damage. [potion of mutation]
 63302 | Vaults:2 | Gained mutation: You have an increased reservoir of magic.
                  | (+10% MP) [potion of mutation]
 63620 | Vaults:2 | Noticed Donald
 63627 | Vaults:2 | Killed Donald
 63654 | Vaults:2 | Reached skill level 15 in Long Blades
 64058 | Vaults:2 | Found Udwyhaud's Assorted Antiques.
 64061 | Vaults:2 | Found Faergh's Weapon Emporium.
 64067 | Vaults:2 | Bought a scroll labelled SACKAK HOUPH for 28 gold pieces
 64083 | Vaults:2 | Found Cosasom's Weapon Emporium.
 64205 | Vaults:2 | Found Rumin's General Store.
 64476 | Vaults:2 | Found Deamn's Antique Armour Shoppe.
 64845 | Vaults:3 | Found a large runed translucent door.
 64845 | Vaults:3 | Found a large runed translucent door.
 64845 | Vaults:3 | Found a large runed translucent door.
 64845 | Vaults:3 | Found a large runed translucent door.
 64845 | Vaults:3 | Found a large runed translucent door.
 64845 | Vaults:3 | Found a large runed translucent door.
 64845 | Vaults:3 | Found a large runed translucent door.
 64845 | Vaults:3 | Found a large runed translucent door.
 64845 | Vaults:3 | Noticed Moagi's ghost (adept GnSk)
 64856 | Vaults:3 | Killed Moagi's ghost
 65123 | Vaults:3 | Found a staircase to the Crypt.
 65244 | Vaults:3 | Found Qemymal's Antique Weapon Boutique.
 65295 | Vaults:3 | Reached skill level 16 in Long Blades
 65295 | Vaults:3 | Noticed Asterion
 65299 | Vaults:3 | Killed Asterion
 66260 | Vaults:4 | Reached skill level 17 in Long Blades
 66529 | Vaults:4 | Reached XP level 23. HP: 117/161 MP: 29/42
 66984 | Vaults:4 | Found Ugemi's Magic Scroll Boutique.
 67014 | Vaults:4 | Bought a scroll of teleportation for 33 gold pieces
 67159 | Vaults:5 | Entered Level 5 of the Vaults
 67159 | Vaults:5 | Noticed an ancient lich
 67168 | Vaults:5 | Reached skill level 18 in Long Blades
 67181 | Vaults:5 | Killed an ancient lich
 67189 | Vaults:5 | Noticed a golden dragon
 67190 | Vaults:5 | Noticed an ancient lich
 67422 | Vaults:5 | Identified the +0 leather armour "Goabrih" {rElec rF+}
 67434 | Vaults:5 | Reached skill level 19 in Long Blades
 67463 | Vaults:5 | Your ally bound Enchantress spriggan died
 67597 | Vaults:5 | Reached skill level 20 in Long Blades
 67927 | Vaults:5 | Identified the +1 long sword of Insufficient Pleasure
                  | {drain, Str+3}
 68166 | Vaults:5 | Identified the ring "Qaelivat" {rElec Int+6 Dex+4}
 68322 | Vaults:5 | Identified the +3 shortbow of Resourcefulness {freeze, rC+
                  | Str+5}
 68339 | Vaults:5 | Identified the +6 mace of the Median {speed, rPois Will+}
 68355 | Vaults:5 | Identified the +5 bardiche of Zibb {drain, rC+ rN+}
 68363 | Vaults:5 | Killed a golden dragon
 68367 | Vaults:5 | Reached skill level 21 in Long Blades
 68373 | Vaults:5 | Reached XP level 24. HP: 155/168 MP: 7/42
 68532 | Vaults:5 | Found the +9 staff of Wucad Mu {*channel}
 68763 | Vaults:5 | Killed an ancient lich
 68770 | Vaults:5 | Got A Thorough Guide to Thaumaturgy
 68778 | Vaults:5 | Identified the +4 chain mail of Autumn {-Cast Rampage Will+
                  | Dex+3}
 68959 | Vaults:5 | Got a silver rune of Zot
 70105 | Vaults:1 | Noticed an ancient lich
 70535 | Zot:1    | Entered Level 1 of the Realm of Zot
 70554 | Zot:1    | Learned a level 2 spell: Passwall
 70556 | Zot:1    | Learned a level 1 spell: Animate Skeleton
 70559 | Zot:1    | Noticed an orb of fire
 70658 | Zot:1    | Reached skill level 22 in Long Blades
 71373 | Zot:1    | Reached skill level 15 in Fighting
 72689 | Zot:2    | Reached skill level 15 in Invocations
 74173 | Zot:3    | Noticed a curse toe
 74195 | Zot:3    | Killed a curse toe
 74811 | Zot:3    | Reached XP level 25. HP: 179/179 MP: 31/42
 76643 | Zot:4    | Found a huge runed gate.
 76643 | Zot:4    | Found a huge runed gate.
 76643 | Zot:4    | Found a huge runed gate.
 76645 | Zot:4    | Found a huge runed gate.
 76645 | Zot:4    | Found a huge runed gate.
 76646 | Zot:4    | Found a huge runed gate.
 76646 | Zot:4    | Found a huge runed gate.
 76646 | Zot:4    | Found a huge runed gate.
 76648 | Zot:4    | Found a huge runed gate.
 76650 | Zot:4    | Found a huge runed gate.
 76650 | Zot:4    | Found a huge runed gate.
 76650 | Zot:4    | Found a huge runed gate.
 76650 | Zot:4    | Found a huge runed gate.
 76650 | Zot:4    | Found a huge runed gate.
 77088 | Zot:4    | Found a huge runed gate.
 77096 | Zot:4    | Found a huge runed gate.
 77096 | Zot:4    | Found a huge runed gate.
 77096 | Zot:4    | Found a huge runed gate.
 77096 | Zot:4    | Found a huge runed gate.
 77096 | Zot:4    | Found a huge runed gate.
 77096 | Zot:4    | Found a huge runed gate.
 77096 | Zot:4    | Found a huge runed gate.
 77097 | Zot:4    | Found a huge runed gate.
 77099 | Zot:4    | Found a huge runed gate.
 77465 | Zot:4    | Found a huge runed gate.
 77465 | Zot:4    | Found a huge runed gate.
 77465 | Zot:4    | Found a huge runed gate.
 77465 | Zot:4    | Found a huge runed gate.
 77465 | Zot:4    | Found a huge runed gate.
 77465 | Zot:4    | Found a huge runed gate.
 77465 | Zot:4    | Found a huge runed gate.
 77475 | Zot:4    | Found a huge runed gate.
 77959 | Zot:4    | Found a huge runed gate.
 77967 | Zot:4    | Found a huge runed gate.
 77967 | Zot:4    | Found a huge runed gate.
 77967 | Zot:4    | Found a huge runed gate.
 78051 | Zot:5    | Entered Level 5 of the Realm of Zot
 78487 | Zot:5    | Noticed a Killer Klown
 78487 | Zot:5    | Noticed a Killer Klown
 78487 | Zot:5    | Noticed a Killer Klown
 78487 | Zot:5    | Noticed a Killer Klown
 78487 | Zot:5    | Noticed a Killer Klown
 78487 | Zot:5    | Noticed a Killer Klown
 78493 | Zot:5    | Killed a Killer Klown
 78497 | Zot:5    | Killed a Killer Klown
 78499 | Zot:5    | Killed a Killer Klown
 78501 | Zot:5    | Killed a Killer Klown
 78504 | Zot:5    | Killed a Killer Klown
 78505 | Zot:5    | Killed a Killer Klown
 79211 | Zot:5    | Noticed a dread lich
 79219 | Zot:5    | Noticed a Killer Klown
 79226 | Zot:5    | Killed a Killer Klown
 79233 | Zot:5    | Noticed an orb of fire
 79239 | Zot:5    | Killed an orb of fire
 79240 | Zot:5    | Reached XP level 26. HP: 191/191 MP: 30/42
 79241 | Zot:5    | Killed a dread lich
 79265 | Zot:5    | Noticed a Killer Klown
 79272 | Zot:5    | Killed a Killer Klown
 79278 | Zot:5    | Noticed a Killer Klown
 79285 | Zot:5    | Killed a Killer Klown
 79289 | Zot:5    | Noticed a Killer Klown
 79292 | Zot:5    | Killed a Killer Klown
 79388 | Zot:5    | Noticed a Killer Klown
 79462 | Zot:5    | Got the Orb of Zot
 79482 | Zot:5    | Killed a Killer Klown
 79586 | Zot:5    | Noticed Cear the pandemonium lord
 79753 | Depths:4 | Noticed Tiazoot the pandemonium lord
 79753 | Depths:4 | Noticed an ancient lich
 79870 | D:15     | Paralysed by a sphinx for 7 turns
 79936 | D:12     | Gained mutation: You are occasionally teleported next to
                  | monsters. [a neqoxec]
 79942 | D:12     | Lost mutation: You are occasionally teleported next to
                  | monsters. [potion of mutation]
 79942 | D:12     | Lost mutation: You have an increased reservoir of magic.
                  | (+10% MP) [potion of mutation]
 79942 | D:12     | Gained mutation: You are occasionally teleported next to
                  | monsters. [potion of mutation]
 79942 | D:12     | Gained mutation: You have a pair of small antennae on your
                  | head. [potion of mutation]
 79942 | D:12     | Gained mutation: You are agile. (Dex +2) [potion of
                  | mutation]
 79942 | D:12     | Gained mutation: Your spells are a little harder to cast,
                  | but a little more powerful. [potion of mutation]
 79943 | D:12     | Lost mutation: Your spells are a little harder to cast, but
                  | a little more powerful. [potion of mutation]
 79943 | D:12     | Lost mutation: You have a pair of small antennae on your
                  | head. [potion of mutation]
 79943 | D:12     | Lost mutation: You are agile. (Dex +2) [potion of mutation]
 79943 | D:12     | Gained mutation: Your body sometimes deteriorates upon
                  | taking damage. [potion of mutation]
 80020 | D:10     | Noticed Huriusm the pandemonium lord
 80174 | D:7      | Gained mutation: Your body often deteriorates upon taking
                  | damage. [a cacodemon]
 80179 | D:7      | Gained mutation: Potions are less effective at restoring
                  | your health. [a cacodemon]
 80358 | D:$      | Escaped with the Orb!

Illustrated notes

Levels and vault maps discovered:
D:1:      eino_arrival_water_star, layout_rooms,
          hellmonk_ecumenical_altar_defaced_shrine, st_stairs_11
D:2:      layout_basic, minmay_misc_feat_chi, chequers_serial_rivers_micro_d,
          uniq_robin
D:3:      layout_basic, trog_book
D:4:      layout_rooms, general_overflow_altar, nicolae_overflow_hidden_temple,
          mainiacjoe_overflow_catch_the_wave, st_stairs_2
D:5:      layout_rooms, minmay_misc_feat_secret_circle
D:6:      layout_basic, nicolae_sif_muna_condensation,
          okawaru_altar_gauntlet_db, minmay_temple_entry_tees
D:7:      layout_basic, mainiacjoe_overflow_boulevard
D:8:      layout_basic, dpeg_oklobed_lair
D:9:      layout_long_grid, lemuel_coloured_pillars_altar, hiddenorc2_lemuel,
          st_stairs_5
D:10:     gammafunk_mikee_crab_dinner, layout_long_grid,
          gammafunk_ghost_berserking_beasts, grunt_ministairs_3,
          hangedman_weighted_door, hangedman_decor_growths, uniq_joseph
D:11:     layout_basic, nicolae_elevator_lobby_plus, uniq_maurice, uniq_snorg
D:12:     minmay_cut_squares, layout_irregular_city, uniq_rupert, uniq_nessos
D:13:     minmay_inside_and_out, layout_basic, gauntlet_entry_generic
D:14:     layout_basic, david_vaults_2
D:15:     hangedman_depths_entry_try_elsewhere_first, layout_basic,
          serial_park_tiny_1, guppyfry_shop_venom
Lair:1:   beast_lair_carwin_large_4, layout_gridlike,
          portal_ice_cave_demonic_guard
Lair:2:   layout_cave_pods, guppyfry_snake_entry_garden
Lair:3:   lemuel_reptile_caves, layout_chaotic_city, hibernation_bobbens,
          uniq_sonja
Lair:4:   layout_loops_ring, swamp_mist, grunt_megastairs_5, uniq_kirke
Lair:5:   layout_cave_pods, gammafunk_ghost_abyssal_escape
Lair:6:   hangedman_lair_tendril_chambers, layout_regular_city, slime_dummy,
          serial_bayou_shore_a
Swamp:1:  layout_basic_swamp, gammafunk_ghost_grave, hangedman_swamp_lotus,
          uniq_nikola, uniq_aizul
Swamp:2:  layout_basic_swamp, evilmike_swamp_ruin_house_6,
          nicolae_swamp_frolicking_bunyips
Swamp:3:  layout_basic_swamp, nicolae_swamp_very_dense_foliage,
          nicolae_swamp_stuck_in_the_mud
Swamp:4:  swamp_basic_johnstein, layout_basic_swamp, infiniplex_staircase_pool
Snake:1:  layout_chambers, gammafunk_ghost_necromancy
Snake:2:  layout_honeycomb, minmay_shoptagon, uniq_louise
Snake:3:  layout_onion_interference, nicolae_snake_horde_hoard
Snake:4:  snake_pit, layout_layer_cave, lemuel_fruit_tree
Orc:1:    layout_caves, serial_shops,
          nicolae_shop_temple_entry_statues_fountains
Orc:2:    grunt_orc_gardens, layout_caves, grunt_orc_garden, grunt_orc_garden,
          grunt_orc_garden, grunt_orc_garden
Vaults:1: v_misc_11, v_misc_19, v_pattern_5, vaults_dpeg_cross, v_misc_25,
          nicolae_vaults_specimen_jars, nicolae_vaults_shelves_hall, v_misc_9,
          vaults_room_grunt_arrival_ludios, v_misc_32, vaults_dpeg_hooks,
          vaults_room_corners, nicolae_vaults_murderbox, layout_vaults_omnicross
Vaults:2: nicolae_vaults_puzzle_piece, v_misc_4,
          nicolae_vaults_stairing_the_circle, nicolae_vaults_ring_of_whatevers,
          v_misc_26, v_misc_10, v_rooms_5, ontoclasm_vaults_fault,
          nicolae_vaults_rhombus_5, vaults_room_door_ring, v_misc_25,
          vaults_room_pool, layout_vaults_ring, serial_shops, shop,
          nicolae_lakefront_shop, shop, shop, shop, uniq_saint_roka, uniq_donald
Vaults:3: advil_vaults_ghost_lines, vaults_mumra_hexcomb, v_misc_1,
          ontoclasm_vaults_idyll, minmay_crypt_entry_simple_corners, v_misc_3,
          nicolae_vaults_puzzle_piece, nicolae_vaults_little_squares_2,
          ontoclasm_vaults_decontamination, vaults_dpeg_encased_lava,
          layout_vaults_maze_bifur, serial_shops, shop, uniq_asterion
Vaults:4: st_octagons_2, grunt_vaults_focal, ontoclasm_vaults_shuriken,
          nicolae_vaults_circle_grid_a, v_misc_12,
          nicolae_vaults_little_squares_2, nicolae_vaults_rhombus_7,
          ontoclasm_vaults_chip, layout_vaults_big_room, serial_shops,
          nicolae_shop_advertising_works [nicolae_subvault_shop_adworks]
Vaults:5
Depths:1: layout_roguey, enter_ziggurat_f, hellmouth_2, item_on_display_a
Depths:2: spriggan_forest, hell_entry, pan_entry
Depths:3: wander_protected_by_tso, layout_gridlike, abyss_entry,
          grunt_hell_entry_dis_mu, elyvilon_altar_4, uniq_boris, uniq_frederick
Depths:4: grunt_zot_entry_bicorn, layout_gridlike, hell_entry, pan_entry,
          roderic_roman_lattice, serial_shops, shop, hangedman_devilish_allure
Zot:1:    layout_cathedral_of_symmetry, kennysheep_underground_church
Zot:2:    kennysheep_blocky_room, layout_concentric_octagons
Zot:3:    kennysheep_blocky_hall, layout_gridlike, hangedman_hellfire_club
Zot:4:    grunt_zot_stairs_overgrown, layout_gridlike, not_door_vault_due
Zot:5:    layout_concentric_octagons, drop_trap, hangedman_zot_diagonal_lockstep

Skill      XL: |  1  2  3  4  5  6  7  8  9 10 11 12 13 14 15 16 17 18 19 20 21 22 23 24 25 26 |
---------------+-------------------------------------------------------------------------------+-----
Fighting       | 2 3 4 5 7 9 10 11 13 14 16 18 19 | 19.6
Stealth        | 2 3 4 7 9 10 14 16 | 16.8
Poison Magic   | 2 3 4 7 11 | 11.7
Spellcasting   | 3 5 6 7 9 10 11 12 | 12.0
Ice Magic      | 1 4 6 8 9 11 12 13 | 13.0
Transmutations | 3 6 8 11 12 | 12.0
Unarmed Combat | 5 7 8 9 11 12 | 12.5
Invocations    | 7 8 10 11 12 13 16 18 19 | 19.8
Dodging        | 5 6 7 8 |  8.7
Air Magic      | 3 6 |  6.9
Conjurations   | 3 6 7 |  7.0
Long Blades    | 7 12 17 21 22 | 22.0
Earth Magic    | 7 10 | 10.5

Action                   |  1- 3 |  4- 6 |  7- 9 | 10-12 | 13-15 | 16-18 | 19-21 | 22-24 | 25-27 || total
-------------------------+-------+-------+-------+-------+-------+-------+-------+-------+-------++-------
Melee: Unarmed           |    72 |       |   145 |   348 |   514 |   463 |   420 |       |       ||  1962
       Constrict         |    25 |    35 |    13 |     1 |     5 |     3 |    33 |    86 |    26 ||   227
       Whip              |     4 |       |       |       |       |       |       |       |       ||     4
       Tentacles         |    16 |    14 |    11 |     3 |     4 |     3 |    72 |   178 |    58 ||   359
       Kick              |    16 |    26 |     4 |       |       |       |       |       |       ||    46
       Punch             |     4 |     5 |     1 |       |     4 |     3 |    30 |    58 |    26 ||   131
       Dagger            |    10 |   123 |    49 |    16 |    12 |    10 |       |       |       ||   220
       Staff             |       |       |       |       |     1 |       |       |       |       ||     1
       Triple sword      |       |       |       |       |       |       |   234 |   567 |   217 ||  1018
Throw: Stone             |    60 |    21 |       |       |       |       |       |       |       ||    81
       Dart              |       |       |       |     1 |       |       |       |       |       ||     1
 Cast: Beastly Appendage |    21 |    25 |     4 |     1 |       |       |       |       |       ||    51
       Poisonous Vapours |       |     7 |    16 |    59 |    40 |     6 |    79 |   143 |    80 ||   430
       Spider Form       |       |     2 |     3 |       |     6 |     2 |       |       |       ||    13
       Ice Form          |       |       |    17 |    38 |    79 |    87 |    59 |       |       ||   280
       Wereblood         |       |       |       |    10 |    10 |     3 |     1 |       |       ||    24
       Frozen Ramparts   |       |       |       |    12 |    41 |    18 |    32 |    20 |     7 ||   130
       Alistair's Intoxi |       |       |       |       |     4 |       |     1 |     5 |     2 ||    12
       Freezing Cloud    |       |       |       |       |    18 |    96 |    67 |    36 |    22 ||   239
       Ozocubu's Armour  |       |       |       |       |       |    42 |    17 |     2 |       ||    61
       Ozocubu's Refrige |       |       |       |       |       |     9 |     8 |     1 |       ||    18
       Eringya's Noxious |       |       |       |       |       |       |    17 |    14 |     9 ||    40
       Statue Form       |       |       |       |       |       |       |    25 |    58 |    24 ||   107
Invok: Recall Undead Har |       |       |     2 |     7 |    14 |    16 |    22 |    22 |    10 ||    93
       Dark Bargain      |       |       |     1 |     4 |     1 |     3 |       |     2 |     1 ||    12
       Bind Soul         |       |       |       |       |     1 |     1 |     4 |     1 |     3 ||    10
       Drain Life        |       |       |       |       |       |     1 |       |     4 |       ||     5
 Abil: End Transformatio |       |       |       |       |       |     1 |       |       |     2 ||     3
Evoke: Wand              |       |       |       |    29 |     5 |     2 |     6 |     4 |    10 ||    56
       Phantom mirror    |       |       |       |       |     1 |     2 |       |     3 |       ||     6
       Phial of floods   |       |       |       |       |       |       |     1 |     3 |       ||     4
  Use: Scroll            |       |     1 |     8 |     5 |    13 |     8 |     5 |     7 |     6 ||    53
       Potion            |       |       |     1 |       |     1 |     5 |     8 |    13 |    10 ||    38
 Stab: Sleeping          |       |     2 |    12 |    13 |    25 |    28 |    16 |    17 |     3 ||   116
       Distracted        |       |       |       |     4 |     5 |    14 |     8 |    15 |     8 ||    54
       Invisible         |       |       |       |       |       |     2 |     4 |       |       ||     6
       Confused          |       |       |       |       |       |       |     8 |     1 |       ||     9
Armor: Skin              |     5 |     9 |    42 |    77 |    83 |   115 |   305 |   430 |   161 ||  1227
Dodge: Dodged            |    37 |    60 |   101 |   221 |   383 |   482 |   687 |   712 |   201 ||  2884
